 Dungeon Crawl Stone Soup version 0.28.0-45-g0d030f2227 (webtiles) character file.

Game seed: 15644822512008193400

44 zeratav the Insei (level 3, -3/24 HPs)
             Began as an Octopode Transmuter on Apr 7, 2022.
             Slain by a gnoll
             ... wielding a +0 spear
              (7 damage)
             ... on level 2 of the Dungeon.
             The game lasted 00:02:08 (1571 turns).

zeratav the Insei (Octopode Transmuter)             Turns: 1571, Time: 00:02:09

Health: -3/24      AC:  1    Str:  9    XL:     3   Next: 60%
Magic:  6/6        EV: 13    Int: 15    God:
Gold:   52         SH:  0    Dex: 14    Spells: 5/6 levels left

rFire   . . .      SeeInvis .   i - +1 great sword (flame) {long}
rCold   . . .      Faith    .   (shield currently unavailable)
rNeg    . . .      Spirit   .   (helmet restricted)
rPois   .          Reflect  .   (no amulet)
rElec   .          Harm     .   (no ring)
rCorr   .          Rampage  .   (no ring)
Will    .....                   (no ring)
Stlth   +++.......              (no ring)
HPRegen 0.08/turn               (no ring)
MPRegen 0.10/turn               (no ring)
                                (no ring)
                                (no ring)

@: no status effects
A: almost no armour, amphibious, 8 rings, camouflage 1, gelatinous body 1,
(nimble swimmer 1), tentacles
a: no special abilities


You were on level 2 of the Dungeon.
You visited 1 branch of the dungeon, and saw 2 of its levels.

You collected 52 gold pieces.


Innate Abilities, Weirdness & Mutations

You cannot wear most types of armour.
You are amphibious.
You can wear up to eight rings at the same time.
Your skin changes colour to match your surroundings (Stealth+).
Your rubbery body absorbs attacks. (AC +1, EV +1)
((You are camouflaged when in or above water. (Stealth+)))
You have tentacles for arms and can constrict up to eight enemies at once.


   Skills:
 + Level 1.7 Fighting
 + Level 2.3 Dodging
 + Level 1.4 Stealth
 * Level 3.5 Unarmed Combat
 - Level 2.0 Spellcasting
 + Level 2.3 Transmutations


You had 5 spell levels left.
You knew the following spells:

 Your Spells              Type           Power      Damage    Failure   Level
a - Beastly Appendage     Tmut           16%        N/A       9%          1

Your spell library contained the following spells:

 Spells                   Type           Power      Damage    Failure   Level
 Wereblood                Tmut           8%         N/A       13%         2
 Spider Form              Tmut/Pois      4%         N/A       38%         3
 Inner Flame              Hex/Fire       1%         N/A       54%         3
 Ice Form                 Ice/Tmut       4%         N/A       80%         4
 Cause Fear               Hex            0%         N/A       91%         4
 Discord                  Hex            0%         N/A       100%        8

Inventory:

Hand Weapons
 i - a +1 great sword of flaming (weapon) {long}
   (You found it on level 2 of the Dungeon)
Scrolls
 a - a scroll of blinking {unknown}
 b - a scroll of immolation {unknown}
 f - a scroll of enchant armour {unknown}
Potions
 c - a potion of degeneration {unknown}
 d - a potion of invisibility {unknown}
 e - 2 potions of curing {unknown}
 g - 2 potions of brilliance {unknown}
 h - a potion of attraction {unknown}

Dungeon Overview and Level Annotations

Branches:
Dungeon (2/15)

Altars:

g... #.....# # #g#g
#.....# ##### .#.##
#.....# #.... ...#
#.....# #.### #..#
####### #.#
#g###.g############.#
#..gggg##...........#
#)##.####.######
#@##.####.#
#......##.#
####.#.##.# #.#.##.#
#......# ########


You could see 3 gnolls and a goblin.


Message History

Found a stone staircase leading up.
MP[+1]
Your mp is fully restored (6).
One of your tentacles grows a vicious spike.
MP[-1]
You lost 1 mp, and now have 5/6 mp.
Your transformation is almost over.
Your tentacle spike disappears.
There is a stone staircase leading up here.
An orc comes into view. It is wielding a +0 hand axe.
MP[+1]
Your mp is fully restored (6).
One of your tentacles grows a vicious spike.
The orc shouts!
MP[-1]
You lost 1 mp, and now have 5/6 mp.
Your transformation is almost over.
The orc closely misses you.
You barely miss the orc. You grab the orc.
You pierce the orc.
You constrict the orc, but do no damage.
The orc barely misses you.
You tentacle-slap the orc.
You pierce the orc.
You kill the orc!
No target in view!
No target in view!
No target in view!
No target in view!
No target in view!
No target in view!
No target in view!
No target in view!
No target in view!
No target in view!
No target in view!
Things that are here:
a +0 hand axe {axe}; a +0 leather armour MP[+1]
Your mp is fully restored (6).
Your tentacle spike disappears.
Found a runed great sword.
One of your tentacles grows a vicious spike.
MP[-1]
You lost 1 mp, and now have 5/6 mp.
Your transformation is almost over.
Your tentacle spike disappears.
A goblin comes into view. It is wielding a +0 dagger.
MP[+1]
Your mp is fully restored (6).
You see here a +1 great sword of flaming {long}.
Your +1 great sword of flaming {long} bursts into flame!
i - a +1 great sword of flaming (weapon)
{long} 4 gnolls come into view.
The gnoll shouts! x3; You hear a shout! x2; The gnoll shouts!
You hear a shout! x2
You hear a shout! x2
The gnoll hits you with a +0 club.
You hear a shout!
You see here a sedimented red potion.
HP[-6]
You take 6 damage, and now have 17/23 hp.
MASSIVE DAMAGE!! (PAUSE)
You hit the gnoll. You burn the gnoll. You grab the gnoll.
You tentacle-slap the gnoll, but do no damage.
You constrict the gnoll, but do no damage.
You hear a shout!
The gnoll misses you. The gnoll hits you but does no damage.
You hear a shout!
You slash the gnoll! You burn the gnoll.
You kill the gnoll!
The gnoll hits you from afar with a +0 spear. x2
* * * LOW HITPOINT WARNING * * *
The gnoll closely misses you.
A hobgoblin and 3 goblins come into view.
The gnoll closely misses you. The gnoll barely misses you.
The gnoll hits you from afar with a +0 spear.
* * * LOW HITPOINT WARNING * * *
A hobgoblin comes into view.
You see here a +0 club {mace}.
You are too injured to fight recklessly!
You are too injured to fight recklessly!
You are too injured to fight recklessly!
You are too injured to fight recklessly!
HP[-13]
You now have 24 max hp (+1).
You take 13 damage, and now have 4/24 hp.
MASSIVE DAMAGE!! (PAUSE)
You are too injured to fight recklessly!
You are too injured to fight recklessly!
You are too injured to fight recklessly!
You are too injured to fight recklessly!
You are too injured to fight recklessly!
You are too injured to fight recklessly!
You are too injured to fight recklessly!
You are too injured to fight recklessly!
You are too injured to fight recklessly!
You are too injured to fight recklessly!
You are too injured to fight recklessly!
You are too injured to fight recklessly!
You are too injured to fight recklessly!
The gnoll hits you from afar with a +0 spear!
You die...

Skill      XL: |  1  2 |
---------------+-------+-----
Stealth        | 1 |  1.4
Fighting       | |  1.7
Dodging        | |  2.3
Unarmed Combat | |  3.5
Spellcasting   | |  2.0
Transmutations | |  2.3

Action                   || total
-------------------------++-------
Melee: Unarmed           ||    55
       Constrict         ||    22
       Kick              ||    13
       Tentacles         ||     6
       Punch             ||     3
       Great sword       ||     2
 Cast: Beastly Appendage ||    19
 Stab: Sleeping          ||     5
Armor: Skin              ||     4
Dodge: Dodged            ||    42

Levels and vault maps discovered:
D:1:      moated_graveyard_arrival, layout_basic, minmay_small_reverse_x
D:2:      layout_loops_cross, shapermc_ecumenical_altar_gd,
          guppyfry_early_lair_pool, uniq_robin

Notes
Turn   | Place    | Note
-------+----------+-------------------------------------------
     0 | D:1      | zeratav the Octopode Transmuter began the quest for the
                  | Orb.
     0 | D:1      | Reached XP level 1. HP: 13/13 MP: 3/3
     0 | D:1      | magus.rc [v1.9.6]
   212 | D:1      | Reached XP level 2. HP: 15/18 MP: 3/5
   653 | D:1      | You pick up a book of Hexes and begin reading...
   653 | D:1      | You add the spells Inner Flame, Cause Fear and Discord to
                  | your library.
   706 | D:1      | Reached skill level 1 in Stealth
  1037 | D:1      | Reached XP level 3. HP: 20/23 MP: 6/6
  1404 | D:2      | Found a faded altar of an unknown god.
  1570 | D:2      | HP: 4/24 [gnoll/+0 spear (5)]
  1571 | D:2      | Slain by a gnoll

Vanquished Creatures
  A gnoll (D:2)
  A worm (D:2)
  A dart slug (D:1)
  An orc (D:2)
  7 bats
  2 endoplasms (D:1)
  3 goblins (D:1)
  2 hobgoblins (D:1)
  4 jackals (D:1)
  A ball python (D:1)
  A frilled lizard (D:1)
  4 kobolds (D:1)
  A rat (D:1)
29 creatures vanquished.

Table legend:
 A = Non-vault XP
 B = Vault XP
 C = Vault XP percentage of total XP
 D = Non-vault monster count
 E = Vault monster count
 F = Vault count percentage of total count
                 A         B        C        D         E       F
            +---------+---------+-------+---------+---------+-------
      Total |      59 |       4 |   6.3 |      25 |       4 |  13.8
            +---------+---------+-------+---------+---------+-------
        D:1 |      36 |       4 |  10.0 |      21 |       4 |  16.0
        D:2 |      23 |       0 |   0.0 |       4 |       0 |   0.0
            +---------+---------+-------+---------+---------+-------

Illustrated notes

Table legend:
 A = Kills in this place as a percentage of kills in entire the game.
 B = Kills by you in this place as a percentage of kills by you in the entire game.
 C = Kills by friends in this place as a percentage of kills by friends in the entire game.
 D = Other kills in this place as a percentage of other kills in the entire game.
 E = Experience gained in this place as a percentage of experience gained in the entire game.
 F = Experience gained in this place divided by the number of levels of this place that you have seen.
                   A       B       C       D       E      F
               +-------+-------+-------+-------+-------+----------------------
         Total | 100.0 | 100.0 |   N/A |   N/A | 100.0 |  31.5
       Dungeon | 100.0 | 100.0 |   N/A |   N/A | 100.0 |  31.5
               +-------+-------+-------+-------+-------+----------------------

Table legend: (Time is in decaauts)
 A = Elapsed time spent in this place.
 B = Non-inter-level travel time spent in this place.
 C = Inter-level travel time spent in this place.
 D = Time resting spent in this place.
 E = Time spent auto-exploring this place.
 F = Levels seen in this place.
 G = Mean time per level.
                   A        B        C        D        E       F      G
               +--------+--------+--------+--------+--------+-----+--------+
         Total |   1568 |   1528 |     40 |      0 |   1328 |   2 |  784.0 |
       Dungeon |   1568 |   1528 |     40 |      0 |   1328 |   2 |  784.0 |
               +--------+--------+--------+--------+--------+-----+--------+

Top non-repeatable levels by time:
     D:1: 1273 daAuts
     D:2: 295 daAuts
